 Dungeon Crawl Stone Soup version 0.29.1-1-gd02db6906a (webtiles) character file.

Game seed: 15068456610311536687

1250 LustLizard the Covert (level 8, -1/41 HPs)
             Began as a Spriggan Arcane Marksman on Sept 27, 2022.
             Was an Initiate of Dithmenos.
             Slain by Maggie
             ... wielding a +4 long sword of flaming
              (2 damage)
             ... on level 6 of the Dungeon.
             The game lasted 00:15:59 (7207 turns).

LustLizard the Covert (Spriggan Arcane Marksman)    Turns: 7207, Time: 00:16:00

Health: -1/41      AC:  9    Str:  6    XL:     8   Next: 26%
Magic:  11/11      EV: 17    Int: 15    God:    Dithmenos [......]
Gold:   266        SH:  0    Dex: 17    Spells: 5/9 levels left

rFire   + . .      SeeInvis +   a - +1 sling
rCold   . . .      Faith    .   (no shield)
rNeg    . . .      Spirit   .   y - +2 robe {rF+}
rPois   +          Reflect  .   (helmet restricted)
rElec   .          Harm     .   i - +0 cloak
rCorr   .          Rampage  .   (gloves unavailable)
Will    +....                   (boots unavailable)
Stlth   ++++......              (no amulet)
HPRegen 0.13/turn               u - +4 ring of protection
MPRegen 0.12/turn               A - ring of poison resistance

@: mesmerised, very quick
A: very small, no large weapons, unfitting armour, see invisible, speed 3
a: Renounce Religion


You were on level 6 of the Dungeon.
You worshipped Dithmenos.
Dithmenos was noncommittal.
You visited 1 branch of the dungeon, and saw 6 of its levels.

You collected 417 gold pieces.
You spent 151 gold pieces at shops.

Inventory:

Hand Weapons
 a - a +1 sling (weapon)
 x - a +0 arbalest
Armour
 c - a +0 robe
 i - a +0 cloak (worn)
 y - a +2 robe of fire resistance (worn)
Jewellery
 e - a +4 ring of slaying
 t - a ring of resist corrosion
 u - a +4 ring of protection (left hand)
 A - a ring of poison resistance (right hand)
Wands
 q - a wand of roots (4)
 B - a wand of flame (12)
Scrolls
 d - 3 scrolls of vulnerability
 h - 2 scrolls of butterflies {unknown}
 j - 2 scrolls of teleportation
 l - 2 scrolls of enchant weapon {unknown}
 m - a scroll of amnesia {unknown}
 n - a scroll of enchant armour {unknown}
 o - a scroll of noise
 s - 3 scrolls of immolation {unknown}
Potions
 f - 2 potions of haste
 g - 2 potions of lignification
 k - a potion of might
 v - a potion of curing
 w - a potion of brilliance
 z - a potion of heal wounds


   Skills:
 + Level 3.6 Fighting
 * Level 6.4 Ranged Weapons
 - Level 2.6 Dodging
 + Level 8.5 Stealth
 - Level 1.3 Spellcasting
 - Level 4.0 Hexes
 - Level 4.0 Translocations


You had 5 spell levels left.
You knew the following spells:

 Your Spells              Type           Power      Damage    Failure   Level
a - Slow                  Hex            52%        N/A       4%          1
b - Portal Projectile     Hex/Tloc       26%        N/A       14%         3

Your spell library contained the following spells:

 Spells                   Type           Power      Damage    Failure   Level
 Apportation              Tloc           26%        N/A       4%          1
 Necrotise                Necr           4%         1d4       24%         1
 Summon Small Mammal      Summ           4%         N/A       24%         1
 Inner Flame              Hex/Fire       7%         N/A       30%         3
 Cause Fear               Hex            6%         N/A       41%         4
 Ozocubu's Armour         Ice            1%         N/A       56%         3
 Ozocubu's Refrigeration  Ice            0%         4d7       100%        7


Dungeon Overview and Level Annotations

Branches:
Dungeon (6/15)             Temple (0/1) D:6

Altars:
Dithmenos

Shops:
D:5 *

Annotations:
D:6 Maggie


Innate Abilities, Weirdness & Mutations

You are very small and have problems with some larger weapons.
You are too small for most types of armour.
You have supernaturally acute eyesight. (SInv)
You cover ground extremely quickly. (Speed+++)


Message History

You are mesmerised by Maggie!
Fire: a) +1 sling
Press: ? - help, Q - select action, (/) - cycle Shift-Dir - straight line, f/p - Maggie
Aim: Maggie, wielding a +4 long sword of flaming and wearing +0 acid dragon scales (severely wounded, mesmerising, 63% to hit)
You shoot a sling bullet. The sling bullet hits Maggie.
Maggie is almost dead.
Maggie hits you with a +4 long sword of flaming.
Fire: a) +1 sling
Press: ? - help, Q - select action, (/) - cycle Shift-Dir - straight line, f/p - Maggie
Aim: Maggie, wielding a +4 long sword of flaming and wearing +0 acid dragon scales (almost dead, mesmerising, 63% to hit)
You shoot a sling bullet.
The sling bullet hits Maggie but does no damage.
Maggie is almost dead.
Maggie barely misses you.
Fire: a) +1 sling
Press: ? - help, Q - select action, (/) - cycle Shift-Dir - straight line, f/p - Maggie
Aim: Maggie, wielding a +4 long sword of flaming and wearing +0 acid dragon scales (almost dead, mesmerising, 63% to hit)
You shoot a sling bullet. The sling bullet barely misses Maggie.
The sling bullet hits the plant!
The plant begins to die.
The plant is lightly damaged.
Maggie hits you with a +4 long sword of flaming!
* * * LOW HITPOINT WARNING * * *
Maggie burns you.
* * * LOW HITPOINT WARNING * * *
Fire: a) +1 sling
Press: ? - help, Q - select action, (/) - cycle Shift-Dir - straight line, f/p - Maggie
Aim: Maggie, wielding a +4 long sword of flaming and wearing +0 acid dragon scales (almost dead, mesmerising, 63% to hit)
You shoot a sling bullet. The sling bullet hits Maggie.
Maggie is almost dead.
Maggie closely misses you.
Fire: a) +1 sling
Press: ? - help, Q - select action, (/) - cycle Shift-Dir - straight line, f/p - Maggie
Aim: Maggie, wielding a +4 long sword of flaming and wearing +0 acid dragon scales (almost dead, mesmerising, 63% to hit)
You shoot a sling bullet. The sling bullet hits Maggie.
Maggie is almost dead.
Maggie hits you with a +4 long sword of flaming!
* * * LOW HITPOINT WARNING * * *
Maggie burns you.
You die...

.....#######....#.######.<..)....
####.....# #............)#####...
#####.# ####..................
#.######.........<.......#
#...........#...........##
######.....@............#.
#.....Pc.c##............. ##
#....##@##...........>.##
...######...P#..@#P..............
##.............>.............>###
............P#...#.#.........>###
###.....#..####.####.............
#####.##.###P.P########........ #
#...##............###........
.####@#########........@.........
......# #..#########........
....######## ##.........


You could see Maggie (mesmerising) and a centaur.

Vanquished Creatures
  Edmund (D:6)
  A water moccasin (D:6)
  A sky beast (D:5)
  An ice beast (D:5)
  2 ogres (D:5)
  A phantom (D:4)
  A scorpion (D:5)
  3 hounds
  2 jellies
  Crazy Yiuf (D:5)
  3 iguanas (D:5)
  Jessica (D:3)
  3 orc wizards
  6 gnolls (D:3)
  6 adders
  A white imp (D:5)
  5 dart slugs
  11 orcs
  4 endoplasms
  3 giant cockroaches
  4 hobgoblins
  4 jackals
  6 kobolds
  4 quokkas
  5 ball pythons
  5 frilled lizards
  5 goblins
  4 rats
94 creatures vanquished.

Vanquished Creatures (others)
  4 plants
4 creatures vanquished.

Grand Total: 98 creatures vanquished

Notes
Turn   | Place    | Note
-------+----------+-------------------------------------------
     0 | D:1      | LustLizard the Spriggan Arcane Marksman began the quest for
                  | the Orb.
     0 | D:1      | Reached XP level 1. HP: 9/9 MP: 3/3
   110 | D:1      | Reached skill level 1 in Stealth
   177 | D:1      | You fall into a shaft and drop 1 floor!
   186 | D:2      | Reached XP level 2. HP: 14/14 MP: 5/5
   207 | D:1      | Reached skill level 1 in Fighting
   551 | D:1      | Reached skill level 2 in Stealth
   693 | D:1      | Reached XP level 3. HP: 18/18 MP: 6/6
   896 | D:2      | Found a faded altar of an unknown god.
  1325 | D:2      | Reached skill level 3 in Stealth
  1517 | D:3      | Reached XP level 4. HP: 22/22 MP: 7/7
  1603 | D:3      | Reached skill level 4 in Stealth
  1818 | D:3      | Noticed Jessica
  1826 | D:3      | Killed Jessica
  1827 | D:3      | Reached XP level 5. HP: 26/26 MP: 6/8
  2542 | D:4      | Reached skill level 5 in Stealth
  2591 | D:4      | Learned a level 3 spell: Portal Projectile
  2768 | D:4      | Noticed a phantom
  2887 | D:4      | Killed a phantom
  2888 | D:4      | Reached skill level 1 in Translocations
  2888 | D:4      | Reached XP level 6. HP: 30/30 MP: 6/9
  3885 | D:5      | Entered Level 5 of the Dungeon
  3887 | D:5      | Found Vujamil's Assorted Antiques.
  3890 | D:5      | Found a shadowy altar of Dithmenos.
  3896 | D:5      | Became a worshipper of Dithmenos the Shadowed
  4022 | D:5      | Reached skill level 6 in Stealth
  4266 | D:5      | Reached XP level 7. HP: 35/35 MP: 10/10
  4646 | D:5      | Found a runed translucent door.
  4647 | D:5      | Noticed Crazy Yiuf
  4754 | D:5      | Reached skill level 5 in Ranged Weapons
  4754 | D:5      | Reached skill level 7 in Stealth
  4954 | D:5      | Identified the +1 ring mail of Vubran {rPois rN+ Int+4}
  4985 | D:5      | Bought a scroll of identify for 62 gold pieces
  4985 | D:5      | Bought a fizzy golden potion for 27 gold pieces
  4985 | D:5      | Bought a scroll of identify for 62 gold pieces
  5345 | D:5      | Killed Crazy Yiuf
  6001 | D:6      | Found a staircase to the Ecumenical Temple.
  6038 | D:6      | Reached skill level 8 in Stealth
  6038 | D:6      | Reached XP level 8. HP: 31/40 MP: 8/11
  6137 | D:6      | Noticed Edmund
  6231 | D:6      | Killed Edmund
  6252 | D:6      | Noticed Maggie
  7207 | D:6      | HP: 1/41 [Maggie/+4 long sword of flaming (9)]
  7207 | D:6      | Slain by Maggie

Illustrated notes

Levels and vault maps discovered:
D:1:      dpeg_arrival_arbitrary_b, layout_loops_ring,
          amcnicky_mini_rare_corridor_liquid
D:2:      layout_loops_ring, shapermc_ecumenical_altar_acropolis,
          minmay_misc_feat_doors
D:3:      layout_loops_cross, uniq_jessica
D:4:      layout_basic, serial_curves, eino_curves_04, eino_curves_03
D:5:      layout_basic, nicolae_dithmenos_through_a_glass_darkly, serial_shops,
          nicolae_shop_waterfront, uniq_crazy_yiuf_cottage
D:6:      layout_rooms, minmay_temple_entry_gardened_gates,
          kennysheep_flooded_box, uniq_edmund, uniq_maggie

Skill      XL: |  1  2  3  4  5  6  7 |
---------------+----------------------+-----
Stealth        | 1 2 3 4 5 6 8 |  8.5
Fighting       | 1 2 3 |  3.6
Hexes          | 4 |  4.0
Ranged Weapons | 3 4 6 |  6.4
Translocations | 1 3 4 |  4.0
Dodging        | |  2.6
Spellcasting   | |  1.3

Action                   |  1- 3 |  4- 6 |  7- 9 || total
-------------------------+-------+-------+-------++-------
 Fire: Sling             |    92 |   159 |   254 ||   505
 Cast: Slow              |       |    22 |    29 ||    51
  Use: Scroll            |     1 |     6 |     6 ||    13
Armor: Robe              |     3 |     1 |    16 ||    20
Dodge: Dodged            |    27 |    14 |    65 ||   106
